 Dungeon Crawl Stone Soup version 0.19-a0-811-gf4045fb (webtiles) character file.

28 Stormbringer the Insei (level 2, -8/24 HPs)
             Began as a Mummy Monk on June 27, 2016.
             Mangled by a gnoll
             ... wielding a +0 halberd
              (9 damage)
             ... on level 2 of the Dungeon on June 28, 2016.
             The game lasted 00:02:10 (1177 turns).

Stormbringer the Insei (Mummy Monk)                 Turns: 1177, Time: 00:02:11

Health: -8/24      AC:  1    Str: 14    XL:     2   Next: 96%
Magic:  2/2        EV:  7    Int:  9    God:
Gold:   101        SH:  0    Dex: 14    Spells: 0 memorised, 1 level left

rFire  x . .     SeeInvis .       - Unarmed
rCold  + . .     Gourm    .     (no armour)
rNeg   + + +     Faith    .     (no shield)
rPois  ∞         Spirit   .     (no helmet)
rElec  .         Dismiss  .     (no cloak)
rCorr  .         Reflect  .     (no gloves)
SustAt .         Harm     .     f - +0 pair of boots
MR     .....                    (no amulet)
Stlth  ++........               (no ring)
                                (no ring)

@: held, not resistant to hostile enchantments, unstealthy
A: no food or potions, fire vulnerability, cold resistance 1, negative energy
resistance 3, torment resistance, unbreathing
a: no special abilities


You were on level 2 of the Dungeon.
You were not hungry.

You visited 1 branch of the dungeon, and saw 2 of its levels.

You collected 101 gold pieces.


Innate Abilities, Weirdness & Mutations

You do not eat or drink.
Your flesh is vulnerable to fire.
You are immune to poison.
Your flesh is cold resistant. (rC+)
You are immune to negative energy. (rN+++)
You are immune to unholy pain and torment.
You can survive without breathing.


   Skills:
 - Level 3.0 Fighting
 - Level 2.4 Dodging
 - Level 1.5 Stealth
 + Level 3.4 Unarmed Combat


You had one spell level left.
You didn't know any spells.

Inventory:

Armour
 f - a +0 pair of boots (worn)
Scrolls
 a - a scroll of teleportation {unknown}
 b - a scroll of enchant armour {unknown}
 c - a scroll of recharging {unknown}
 d - a scroll of enchant weapon {unknown}
 e - 2 scrolls of amnesia {unknown}
 g - a scroll of random uselessness {unknown}

Dungeon Overview and Level Annotations

Branches:
Dungeon (2/15)

Altars:

Annotations:
D:2 Sigmund

..........▒.....
.............).+
▒.............▒
▒▒.............▒▒
▒.................
▒▒.................
▒▒▒▒▒....†.............
.............g....[..
.........Mgg.....▒.▒▒▒▒.
........g▒▒▒▒...........
.......▒..▒▒▒.......▒▒
.......†...▒▒..g....▒
........▒▒......gg..▒
▒........▒▒▒▒........▒
...▒▒▒▒▒.. ▒▒▒▒.▒.....▒
.. ▒.. ▒.▒.▒.▒... . ▒▒▒
.....g....


You could see 3 gnolls and a goblin.


Message History

* * * don't die
* * * You barely miss the gnoll!
The gnoll is severely wounded!
The gnoll closely misses you!
You beat the gnoll into a bloody pulp!
You punch the gnoll!
You annihilate the gnoll!!!
You see here a gnoll corpse!
You start resting!
HP restored!
You see here a gnoll corpse!
There is a stone staircase leading down here!
You climb downwards!
Level annotation: Sigmund The gnoll hits you with a spear!
The gnoll throws a throwing net!
The throwing net hits you!
You become entangled in the net!!!
There is a stone staircase leading up here!
You see here a throwing net {=f}!
You can't do that while held in a net!
You struggle against the net!
The gnoll shouts!!!
The gnoll hits you with a spear!
You struggle against the net!
The gnoll hits you with a spear!!! * * * don't die
* * * You struggle against the net!
The goblin barely misses you! The gnoll closely misses you!
You struggle against the net!
The goblin hits you but does no damage!
The gnoll hits you with a spear!!! * * * don't die
* * * The gnoll hits you from afar with a halberd!!! rip

Action                   || total
-------------------------++-------
Melee: Unarmed           ||    63
       Punch             ||     2
 Stab: Sleeping          ||     2
Armor: Skin              ||     7
Dodge: Dodged            ||    47

Vault maps used:
D:1:      lightli_arrival_maybe_door_vault, corexii_item_surrounded_by_moat,
          minmay_tetromino_i2
D:2:      evilmike_ruin_ashenzari, fedhas_altar_1, first_bread, uniq_sigmund

Notes
Turn   | Place    | Note
--------------------------------------------------------------
     0 | D:1      | Stormbringer the Mummy Monk began the quest for the Orb.
     0 | D:1      | Reached XP level 1. HP: 18/18 MP: 1/1
     6 | D:1      | see ya
     6 | D:1      | Upgraded the game from 0.19-a0-805-g0a78ef0 to 0.19-a0-811-gf4045fb
   242 | D:1      | Reached XP level 2. HP: 21/24 MP: 2/2
   285 | D:1      | Reached skill level 3 in Unarmed Combat
   992 | D:2      | Noticed Sigmund
  1177 | D:2      | HP: 1/24 [gnoll/spear (7)]
  1177 | D:2      | Mangled by a gnoll

Vanquished Creatures
  A gnoll (D:1)
  A giant gecko (D:1)
  5 bats
  A giant cockroach (D:1)
  2 goblins (D:1)
  A hobgoblin (D:1)
  3 kobolds (D:1)
  5 rats (D:1)
19 creatures vanquished.
